 Dungeon Crawl Stone Soup version 0.23.2-40-g277498a001 (webtiles) character file.

Game seed: 5709077827159678123

54 Doot the Sneak (level 3, -6/16 HPs)
             Began as a Spriggan Enchanter on Oct 8, 2019.
             Mangled by a gnoll
             ... wielding a +0 halberd of distortion
              (16 damage)
             ... on level 2 of the Dungeon.
             The game lasted 00:04:08 (1407 turns).

Doot the Sneak (Spriggan Enchanter)                 Turns: 1407, Time: 00:04:08

Health: -6/16      AC:  2    Str:  4    XL:     3   Next: 66%
Magic:  8/8        EV: 19    Int: 16    God:
Gold:   88         SH:  0    Dex: 17    Spells: 2/8 levels left

rFire    . . .     SeeInvis +   k - +0 short sword (drain)
rCold    . . .     Gourm    .   (shield restricted)
rNeg     . . .     Faith    .   b - +0 robe
rPois    .         Spirit   .   (helmet restricted)
rElec    .         Reflect  .   (no cloak)
rCorr    .         Harm     .   (gloves unavailable)
MR       .....                  (boots unavailable)
Stlth    +++.......             (no amulet)
HPRegen  0.05/turn              (no ring)
MPRegen  0.11/turn              (no ring)

@: very quick
A: very small, unfitting armour, see invisible, herbivore, speed 3, slow
metabolism 2
a: no special abilities


You were on level 2 of the Dungeon.
You were not hungry.

You visited 1 branch of the dungeon, and saw 2 of its levels.

You collected 88 gold pieces.

Inventory:

Hand Weapons
 a - a +1 dagger
 k - a +0 short sword of draining (weapon)
Armour
 b - a +0 robe (worn)
Scrolls
 c - 6 scrolls of identify {unknown}
 f - a scroll of blinking {unknown}
 g - 3 scrolls of remove curse {unknown}
 i - a scroll of noise {unknown}
 j - 2 scrolls of teleportation {unknown}
Potions
 e - a potion of heal wounds {unknown}
 h - a potion of degeneration {unknown}
Comestibles
 d - 3 rations


   Skills:
 + Level 0.1 Fighting
 + Level 2.1 Short Blades
 + Level 3.8 Dodging
 + Level 5.1 Stealth
 + Level 3.0 Spellcasting
 + Level 3.8 Hexes
 + Level 0.4 Ice Magic


You had 2 spell levels left.
You knew the following spells:

 Your Spells              Type           Power        Failure   Level  Hunger
a - Corona                Hex            ##.....      3%          1    #......
b - Ensorcelled Hibernat  Hex/Ice        #.....       12%         2    ##.....
c - Confuse               Hex            ##......     12%         3    ###....

Your spell library contained the following spells:

 Spells                   Type           Power        Failure   Level  Hunger
 Tukima's Dance           Hex            ##......     12%         3    ###....
 Dazzling Spray           Conj/Hex       #.....       26%         3    ###....


Dungeon Overview and Level Annotations

Branches:
Dungeon (2/15)

Altars:


Innate Abilities, Weirdness & Mutations

You are very small and have problems with some larger weapons.
You are too small for most types of armour.
You have supernaturally acute eyesight. (SInv)
You are a herbivore.
You cover ground extremely quickly.
You need to consume almost no food.


Message History

You barely miss the gnoll. The gnoll hits you.
You hit the gnoll. You drain the gnoll.
The gnoll is moderately wounded.
The gnoll completely misses you.
The gnoll shouts!
You hit the gnoll.
The gnoll is heavily wounded.
The gnoll hits you.
You hit the gnoll but do no damage. You drain the gnoll.
The gnoll is severely wounded.
The gnoll hits you.
You hit the gnoll but do no damage. You drain the gnoll.
You kill the gnoll!
Your Spellcasting skill increases to level 3!
The gnoll closely misses you. The gnoll barely misses you.
The gnoll closely misses you.
The gnoll hits you from afar with a +0 halberd of distortion!
Ouch! That really hurt!
You die... #.# #..# #g# ##.# gg#

#.# #.# #.# #.##########
#.# #. #.#......... #.#
#..#.#.######## #.#
#......###############.#
#.g....(....†.g.@......#
....####################
####


You could see a gnoll.

Vanquished Creatures
  An adder (D:2)
  A gnoll (D:2)
  An ooze (D:2)
  A worm (D:2)
  A dart slug (D:2)
  A giant cockroach (D:2)
  7 goblins
  5 hobgoblins
  A kobold (D:2)
  3 bats
  A frilled lizard (D:1)
  3 rats
26 creatures vanquished.

Notes
Turn   | Place    | Note
-------+----------+-------------------------------------------
     0 | D:1      | Doot the Spriggan Enchanter began the quest for the Orb.
     0 | D:1      | Reached XP level 1. HP: 9/9 MP: 5/5
   371 | D:1      | Reached XP level 2. HP: 13/13 MP: 6/6
   380 | D:1      | Learned a level 2 spell: Ensorcelled Hibernation
  1010 | D:2      | Reached skill level 5 in Stealth
  1079 | D:2      | Reached XP level 3. HP: 11/16 MP: 6/8
  1166 | D:2      | Learned a level 3 spell: Confuse
  1407 | D:2      | Mangled by a gnoll

Skill      XL: |  1  2  3 |
---------------+----------+-----
Stealth        | 5 |  5.1
Short Blades   | 2 |  2.1
Spellcasting   | 3 |  3.0
Fighting       | |  0.1
Dodging        | |  3.8
Hexes          | |  3.8
Ice Magic      | |  0.4

Action                   || total
-------------------------++-------
Melee: Dagger            ||    64
       Short sword       ||    16
 Cast: Corona            ||    16
       Ensorcelled Hiber ||     6
 Stab: Sleeping          ||    12
Armor: Robe              ||     7
Dodge: Dodged            ||    57
